Map: Романтицид РВ

Players

ИИ 1 (ученик)

  • Race: Protoss Protoss
  • Spawn Location: 5:00

Didier - Winner!

  • Race: Protoss Protoss
  • League: Platinum
  • Spawn Location: 11:00

VOD

Have the link to the VOD?

Description

Time

  • Played on: April 4, 2021, 3 p.m.
  • Length: 9:12
Show
View Real Time Build Order
Export as new Build Order

ИИ 1 (ученик) Protoss 

Build Orders:  

Get SALT Encoding   

  12  0:00  Probe  
  13  0:13  Probe  
  14  0:20  Pylon  
  14  0:25  Probe  
  15  0:34  Probe  
  16  0:44  Assimilator  
  16  0:50  Gateway  
  16  0:53  Pylon  
  16  1:16  Assimilator  
  16  1:29  Zealot  
  18  1:41  Cybernetics Core  
  18  2:05  Probe, Pylon  
  18  2:08  Warp Gate  
  19  2:13  Probe  
  19  2:20  Stalker  
  19  2:22  Probe  
  23  2:34  Probe  
  24  2:46  Probe  
  25  2:51  Adept  
  27  2:58  Probe  
  28  3:23  Stalker  
  30  4:01  Adept  
  32  4:47  Probe  
  23  4:52  Stalker  
  23  4:59  Probe  
  16  5:11  Probe  
  17  5:15  Stalker, Pylon  
  17  5:21  Pylon  
  19  5:23  Probe  
  20  5:35  Probe  
  21  5:47  Probe, Zealot  
  24  5:59  Probe  
  25  6:11  Probe  
  26  6:18  Adept  
  26  6:19  Probe  
  29  6:27  Probe  
  30  6:46  Stalker  
  33  6:47  Probe  
  33  6:48  Pylon  
  33  6:54  Nexus  
  33  7:06  Probe  
  34  7:08  Robotics Facility  
  34  7:10  Stalker  
  34  7:12  Pylon  
  36  7:16  Probe  
  29  7:35  Stalker  
  31  7:53  Observer  
  32  7:59  Sentry  
  34  8:07  Probe  
  34  8:08  Observer  
  34  8:11  Probe  
  36  8:18  Assimilator  
  36  8:19  Probe  
  38  8:23  Stalker  
  32  8:31  Probe  
  26  8:43  Probe  
  26  8:48  Pylon  
  26  8:51  Pylon  
  26  8:52  Zealot  
Show
View Real Time Build Order
Export as new Build Order

Didier Protoss - Winner!

Build Orders: Archon Immortal, Dark Templar Rush 

Get SALT Encoding   

  12  0:00  Probe  
  13  0:13  Probe  
  14  0:19  Pylon  
  14  0:25  Probe (Chrono Boost)  
  15  0:39  Probe (Chrono Boost)  
  15  0:40  Gateway  
  16  0:45  Probe (Chrono Boost)  
  16  0:46  Assimilator  
  17  0:53  Assimilator  
  17  0:56  Probe  
  18  1:08  Probe (Chrono Boost)  
  19  1:16  Pylon  
  20  1:20  Probe (Chrono Boost)  
  20  1:24  Probe (Chrono Boost)  
  20  1:31  Cybernetics Core  
  21  1:34  Probe  
  22  1:47  Probe  
  23  2:01  Nexus  
  23  2:04  Probe  
  24  2:11  Twilight Council  
  24  2:18  Probe  
  25  2:23  Warp Gate  
  25  2:30  Probe  
  25  2:33  Robotics Facility  
  26  2:42  Probe  
  27  2:49  Dark Shrine  
  27  2:57  Gateway  
  28  3:01  Probe  
  28  3:03  Gateway  
  28  3:13  Probe  
  28  3:16  Gateway  
  29  3:28  Warp Prism (Chrono Boost)  
  31  3:35  Probe  
  31  3:39  Assimilator  
  32  3:42  Assimilator  
  32  3:45  Probe (Chrono Boost)  
  33  3:51  Probe (Chrono Boost)  
  34  3:57  Probe (Chrono Boost)  
  34  4:01  Probe (Chrono Boost)  
  36  4:03  Probe (Chrono Boost)  
  37  4:18  Dark Templar x3  
  37  4:19  Dark Templar  
  45  4:28  Probe  
  46  4:31  Pylon  
  46  4:49  Probe (Chrono Boost), Immortal  
  52  4:53  Probe (Chrono Boost)  
  52  4:57  Pylon  
  53  5:01  Probe (Chrono Boost)  
  53  5:05  Probe (Chrono Boost)  
  54  5:15  Probe x2  
  56  5:27  Probe x2  
  58  5:33  Gateway  
  58  5:34  Gateway  
  58  5:35  Pylon  
  58  5:37  Gateway  
  60  5:45  Charge  
  60  5:47  Immortal (Chrono Boost)  
  62  5:52  Nexus  
  62  6:09  Pylon  
  62  6:14  Gateway  
  62  6:15  Gateway  
  62  6:16  Probe x2 (Chrono Boost)  
  64  6:27  Immortal (Chrono Boost)  
  64  6:28  Probe x2 (Chrono Boost)  
  70  6:33  Probe x2 (Chrono Boost)  
  72  6:42  Templar Archives  
  72  6:46  Archon x2  
  72  6:54  Gateway, Probe  
  73  6:58  Pylon  
  73  7:01  Immortal (Chrono Boost), Pylon  
  73  7:06  Pylon  
  77  7:10  Probe  
  77  7:11  Probe x2  
  80  7:15  Pylon  
  80  7:27  Zealot x4  
  88  7:34  Forge  
  88  7:35  Probe  
  89  7:38  Assimilator  
  89  7:41  Assimilator  
  89  7:52  Probe  
  89  7:53  Probe x2  
  89  7:58  Gateway  
  92  8:00  Gateway, Zealot x4  
  92  8:01  High Templar  
  92  8:02  High Templar  
  92  8:03  High Templar x2, Pylon  
  92  8:05  Probe  
  109  8:06  Archon  
  109  8:07  Archon  
  109  8:09  High Templar x2  
  113  8:13  Archon  
  113  8:15  Probe  
  113  8:16  Probe  
  115  8:22  Zealot x4  
  115  8:26  Probe  
  124  8:29  Gateway  
  124  8:31  Gateway  
  124  8:38  Probe  
  124  8:39  Gateway  
  124  8:40  Zealot x3  
  131  8:42  High Templar  
  133  8:55  Pylon  
  133  8:57  Pylon  
  133  9:00  Forge  
Tags
 
Add a new tag
Caveats
  • Supply blocks, unpowered buildings, or Contaminate may cause inaccurate times.
  • Supply counts are checked every 10 seconds.